 Dungeon Crawl Stone Soup version 0.31-a0-108-gdf935468f2 (webtiles) character file.

Game seed: 18209344686022268052

2067 loir the Spear-Bearer (level 9, 0/71 HPs)
             Began as a Merfolk Gladiator on May 27, 2023.
             Was a Believer of Okawaru.
             Slain by a deep troll (17 damage)
             ... on level 7 of the Dungeon.
             The game lasted 00:37:28 (5686 turns).

loir the Spear-Bearer (Merfolk Gladiator)           Turns: 5686, Time: 00:37:29

Health: 0/71       AC:  6    Str: 18    XL:     9   Next: 26%
Magic:  5/9        EV: 15    Int:  8    God:    Okawaru [**....]
Gold:   1324       SH:  5    Dex: 13    Spells: 8/8 levels left

rFire   . . .        a - +1 trident (heavy)
rCold   + . .        i - +0 buckler
rNeg    . . .        x - +1 robe of the Bulwark {rElec rC+ Regen+ Archmagi}
rPois   .            c - +1 helmet
rElec   +            B - scarf of the Slightly Bent {repulsion, rElec Dex-2 Slay+4}
rCorr   .            (no gloves)
SInv    +            t - +0 pair of boots
Will    .....        j - amulet of the acrobat
Stlth   +            l - +4 ring of slaying
HPRegen 1.11/turn    D - ring of see invisible
MPRegen 0.11/turn

%: repel missiles, acrobat, archmagi
@: no status effects
A: (nimble swimmer 2), mertail
a: Renounce Religion, Heroism


You were on level 7 of the Dungeon.
You worshipped Okawaru.
Okawaru was pleased with you.
You visited 1 branch of the dungeon, and saw 7 of its levels.
You also visited: Sewer.

You collected 1324 gold pieces.

Inventory:

Hand Weapons
 a - a +1 heavy trident (weapon)
Missiles
 d - a throwing net (quivered)
 y - 3 datura-tipped darts
 E - a javelin
 F - 2 poisoned darts
Armour
 b - a +0 leather armour
 c - a +1 helmet (worn)
 i - a +0 buckler (worn)
 t - a +0 pair of boots (worn)
 x - the +1 robe of the Bulwark (worn) {rElec rC+ Regen+ Archmagi}
   (You found it on level 6 of the Dungeon)

   rC:        It protects you from cold.
   rElec:     It insulates you from electricity.
   Regen:     It increases your rate of health regeneration.
   Archmagi:  It increases the power of your magical spells.
 B - the scarf of the Slightly Bent (worn) {repulsion, rElec Dex-2 Slay+4}
   (You found it on level 5 of the Dungeon)

   Dex:       It affects your dexterity (-2).
   Slay:      It affects your accuracy & damage with ranged weapons and melee
   (+4).
   rElec:     It insulates you from electricity.
 C - a +0 buckler
Jewellery
 j - an amulet of the acrobat (around neck)
 l - a +4 ring of slaying (left hand)
 p - a ring of protection from fire
 D - a ring of see invisible (right hand)
Wands
 n - a wand of quicksilver (13)
 s - a wand of polymorph (8)
Scrolls
 m - a scroll of amnesia
 o - a scroll of enchant armour
 w - a scroll of teleportation
 A - 2 scrolls of enchant weapon
Potions
 e - 2 potions of mutation
 f - 7 potions of curing
 g - a potion of lignification {unknown}
 h - 3 potions of heal wounds
 k - 4 potions of brilliance
 q - 3 potions of haste
 r - a potion of might {unknown}
 u - a potion of cancellation {unknown}
 v - a potion of degeneration {unknown}
 z - 2 potions of attraction {unknown}


   Skills:
 * Level 6.5 Fighting
 * Level 8.3 Polearms
 + Level 4.4 Throwing
 + Level 2.8 Armour
 * Level 8.3 Dodging
 + Level 3.5 Shields


You had 8 spell levels left.
You didn't know any spells.
Your spell library contained the following spells:

 Spells                   Type           Power      Damage    Failure   Level
 Ensorcelled Hibernation  Hex/Ice        0%         N/A       63%         2
 Passwall                 Tmut/Erth      0%         N/A       63%         2
 Ozocubu's Armour         Ice            0%         N/A       86%         3
 Swiftness                Air            0%         N/A       86%         3
 Cause Fear               Hex            0%         N/A       99%         4
 Dragon Form              Tmut           0%         N/A       100%        7
 Orb of Destruction       Conj           0%         9d5       100%        7
 Ozocubu's Refrigeration  Ice            0%         4d7       100%        7
 Summon Guardian Golem    Hex/Summ       Unusable   N/A       N/A         3
 Spellforged Servitor     Conj/Summ      Unusable   N/A       N/A         7
 Dragon's Call            Summ           Unusable   N/A       N/A         9

Dungeon Overview and Level Annotations

Branches:
Dungeon (7/15)             Temple (0/1) D:6           Sewer (visited)

Altars:
Fedhas
Gozag
Hepliaklqana
Okawaru
Sif Muna
Uskayaw
Wu Jian
Xom
Yredelemnul
Zin
The Shining One


Innate Abilities, Weirdness & Mutations

((You are very nimble when in or above water. (Stealth+, EV+, Speed+++)))
Your lower body shifts to a powerful aquatic tail in water.


Message History

Okawaru accepts your kill.
You start resting.
A deep troll is nearby!
Aiming: Polymorph
Press: ? - help, Shift-Dir - straight line, f - deep troll
Aim: a deep troll (wandering, hasn't noticed you, will become a slime creature, a redback, or a merfolk, chance to affect: 31%)
The deep troll shouts!
The deep troll easily resists.
Aiming: Polymorph
Press: ? - help, Shift-Dir - straight line, f/p - deep troll
Aim: a deep troll (will become a slime creature, a redback, or a merfolk, chance to affect: 31%)
The deep troll easily resists.
You reach to attack!
You hit the deep troll.
The deep troll is lightly wounded.
The deep troll bites you. The deep troll closely misses you.
The deep troll misses you.
You hit the deep troll.
The deep troll is lightly wounded.
The deep troll closely misses you. The deep troll claws you.
The deep troll claws you!
You puncture the deep troll!
The deep troll is moderately wounded.
The deep troll barely misses you. The deep troll closely misses you.
You block the deep troll's attack.
You impale the deep troll!!
The deep troll is almost dead.
The deep troll closely misses you. The deep troll misses you.
The deep troll barely misses you. x2; The deep troll claws you.
The deep troll claws you!
You hit the deep troll but do no damage.
The deep troll is severely wounded.
The deep troll misses you. The deep troll claws you.
The deep troll closely misses you.
You puncture the deep troll!
The deep troll is almost dead.
The deep troll bites you but does no damage.
The deep troll claws you!
* * * LOW HITPOINT WARNING * * *
The deep troll claws you!
You die...

#................#
###....(........## #
##.<...#.....## .###
#.........######## ...#
#................####
##.###.........##.##.....#
...........###'##+##'###.#
..##.#.....#...T.#.....#.#
.###.#.....#....@#.....#.#
.# #.##.....##+##'##'##+.#
.##...####.#..#.....#..#.#
##.....# #.#..#'###.#..#.#
#...T...##.#..#.....#..#.#
#.......##......._..+..+.#
#.......##.#..#.....#..#.#
#.......#..#..#.###.#..#.#
#....T[.##.#..#.....#..#.#


You could see a deep troll.

Vanquished Creatures
  A mana viper (D:7)
  Edmund (D:6)
  An orc warrior (D:7)
  An ogre (D:6)
  A black bear (D:5)
  A centaur (D:5)
  3 bullfrogs
  2 scorpions
  3 hounds (D:6)
  5 jellies
  A sleepcap (D:7)
  An orc priest (D:7)
  5 iguanas
  Natasha (twice) (D:3)
  2 gnolls (D:4)
  16 adders
  2 river rats (Sewer)
  2 shadow imps
  3 white imps
  7 worms
  4 dart slugs
  10 orcs
  6 ball pythons (D:1)
  11 endoplasms
  9 giant cockroaches
  4 hobgoblins
  2 jackals (D:5)
  4 quokkas
  7 bats
  16 frilled lizards
  8 goblins
  12 kobolds
  8 rats
  A spectral orc (D:6)
162 creatures vanquished.

Notes
Turn   | Place    | Note
-------+----------+-------------------------------------------
     0 | D:1      | loir the Merfolk Gladiator began the quest for the Orb.
     0 | D:1      | Reached XP level 1. HP: 16/16 MP: 1/1
    47 | D:1      | Reached XP level 2. HP: 12/23 MP: 2/2
   350 | D:1      | Found a faded altar of an unknown god.
   364 | D:1      | Reached XP level 3. HP: 28/28 MP: 3/3
  1071 | D:2      | Reached XP level 4. HP: 35/35 MP: 4/4
  1670 | D:3      | Identified the +1 long sword of Xoarin {freeze, Int+5}
  1674 | D:3      | Found a shimmering blue altar of Sif Muna.
  1675 | D:3      | Found a glowing silver altar of Zin.
  1985 | D:3      | Reached skill level 5 in Dodging
  1985 | D:3      | Reached XP level 5. HP: 41/41 MP: 5/5
  2146 | D:3      | Noticed Natasha
  2154 | D:3      | Killed Natasha
  2155 | D:3      | Reached skill level 5 in Polearms
  2155 | D:3      | Reached skill level 1 in Armour
  2155 | D:3      | Reached skill level 1 in Shields
  2346 | D:3      | Noticed Natasha
  2351 | D:3      | Killed Natasha
  2480 | D:4      | Found a shimmering altar of Xom.
  2510 | D:4      | Noticed a +0 dagger
  2512 | D:4      | Noticed a +0 hand axe
  2515 | D:4      | Found a hide-covered altar of Uskayaw.
  2580 | D:4      | Found an iron altar of Okawaru.
  2611 | D:4      | Became a worshipper of Warmaster Okawaru
  2698 | D:4      | Reached XP level 6. HP: 42/48 MP: 6/6
  2915 | D:4      | Found a glowing drain.
  2922 | Sewer    | Entered a sewer
  3076 | Sewer    | Reached * piety under Okawaru
  3077 | Sewer    | Reached XP level 7. HP: 54/54 MP: 7/7
  3119 | Sewer    | Found a viscous altar of Jiyva.
  3285 | D:4      | Found a blossoming altar of Fedhas.
  3291 | D:4      | Identified a scroll of acquirement
  3291 | D:4      | Acquired 727 gold pieces
  3370 | D:5      | Entered Level 5 of the Dungeon
  3566 | D:5      | Found an opulent altar of Gozag.
  3832 | D:5      | Identified the scarf of the Slightly Bent {repulsion, rElec
                  | Dex-2 Slay+4}
  4541 | D:6      | Reached skill level 5 in Fighting
  4541 | D:6      | Reached XP level 8. HP: 59/62 MP: 8/8
  4558 | D:6      | Found a staircase to the Ecumenical Temple.
  4772 | D:6      | Noticed Edmund
  4777 | D:6      | Killed Edmund
  4903 | D:6      | Found a hazy altar of Hepliaklqana.
  5099 | D:6      | Identified the +1 robe of the Bulwark {rElec rC+ Regen+
                  | Archmagi}
  5209 | D:6      | Found a basalt altar of Yredelemnul.
  5271 | D:6      | Found a glowing golden altar of the Shining One.
  5434 | D:7      | Reached ** piety under Okawaru
  5526 | D:7      | Found an ornate altar of the Wu Jian Council.
  5624 | D:7      | Noticed a deep troll
  5624 | D:7      | Noticed a deep troll
  5643 | D:7      | a deep troll changed into a mana viper
  5643 | D:7      | Noticed a mana viper
  5650 | D:7      | Killed a mana viper
  5651 | D:7      | Reached XP level 9. HP: 26/71 MP: 0/9
  5686 | D:7      | Slain by a deep troll

Illustrated notes

Levels and vault maps discovered:
D:1:      roderic_crop_circles_arrival_small, layout_basic,
          hellmonk_ecumenical_altar_arch_garden, skrybe_limestone_x,
          minmay_domino_4
D:2:      layout_loops_ring
D:3:      layout_basic, chequers_temple_overflow_statue_of_worship,
          minivault_26, uniq_natasha
D:4:      layout_rooms, fedhas_altar_3, amcnicky_altar_gilded,
          mainiacjoe_overflow_alcove_1, dancing_weapons_uskayaw,
          gup_sewer_entry_bubbles
D:5:      layout_basic, nicolae_gozag_seed_capital,
          lightli_ossuary_entry_decrepit_ruins
D:6:      layout_loops_ring, yredelemnul_forgotten_temple_becter,
          lemuel_crystal_altar, general_overflow_altar,
          minmay_temple_entry_mini_moons, uniq_edmund
D:7:      nzn_winding_woodlands_cross [nzn_winding_woodlands_5x15_parted,
          nzn_winding_woodlands_5x15_pockets,
          nzn_winding_woodlands_5x15_crooked,
          nzn_winding_woodlands_5x15_sidewinder,
          nzn_winding_woodlands_15x15_five_gardens], layout_rooms,
          mainiacjoe_overflow_24_doors, serial_aquarium, aquarium_bridge_square
          [aquarium_subvault_balcony, aquarium_subvault_bridge,
          aquarium_subvault_bridge, aquarium_subvault_wall],
          aquarium_bridge_island_small [aquarium_subvault_small_open,
          aquarium_subvault_bridge, aquarium_subvault_bridge,
          aquarium_subvault_bridge, aquarium_subvault_wall],
          aquarium_window_corner, aquarium_window_corner,
          aquarium_window_corridor_3, aquarium_window_fake, aquarium_view_2b,
          aquarium_balcony_3a, aquarium_pool_2, chequers_serial_rivers_small_b,
          hellmonk_guarded_unrand_vitality_bloodlust

Skill      XL: |  1  2  3  4  5  6  7  8 |
---------------+-------------------------+-----
Fighting       | 3 4 5 6 |  6.5
Dodging        | 5 6 8 |  8.3
Polearms       | 5 6 8 |  8.3
Armour         | 1 2 |  2.8
Shields        | 1 2 3 |  3.5
Throwing       | 3 4 |  4.4

Action                     |  1- 3 |  4- 6 |  7- 9 || total
---------------------------+-------+-------+-------++-------
  Melee: Trident           |   114 |   166 |   133 ||   413
         Tailslap          |       |     2 |       ||     2
  Throw: Javelin           |       |     3 |     1 ||     4
         Throwing net      |       |     1 |     1 ||     2
  Evoke: Wand              |       |       |     3 ||     3
    Use: Scroll            |     1 |     7 |    10 ||    18
         Potion            |       |     2 |       ||     2
   Stab: Sleeping          |     4 |     7 |     1 ||    12
         Held in net/web   |       |     1 |       ||     1
         Distracted        |       |       |     1 ||     1
 Armour: Leather armour    |    17 |    16 |    12 ||    45
         Robe              |       |       |    11 ||    11
  Dodge: Dodged            |    58 |    72 |    68 ||   198
         Repelled          |       |       |     2 ||     2
  Block: Buckler           |     5 |    12 |    26 ||    43

Table legend: (Time is in decaauts)
 A = Elapsed time spent in this place.
 B = Non-inter-level travel time spent in this place.
 C = Inter-level travel time spent in this place.
 D = Time resting spent in this place.
 E = Time spent auto-exploring this place.
 F = Levels seen in this place.
 G = Mean time per level.
                   A        B        C        D        E       F      G
               +--------+--------+--------+--------+--------+-----+--------+
         Total |   5708 |   5365 |    343 |    249 |   4084 |   8 |  713.5 |
       Dungeon |   5475 |   5132 |    343 |    249 |   3973 |   7 |  782.1 |
         Sewer |    233 |    233 |      0 |      0 |    111 |   1 |  233.0 |
               +--------+--------+--------+--------+--------+-----+--------+

Top non-repeatable levels by time:
     D:5: 1145 daAuts
     D:6: 927 daAuts
     D:1: 853 daAuts
     D:3: 829 daAuts
     D:2: 791 daAuts
     D:4: 647 daAuts
     D:7: 280 daAuts
   Sewer: 233 daAuts
